 Dungeon Crawl Stone Soup version 0.26-a0-597-gb535b0901c (webtiles) character file.

Game seed: 4578870112130370821

(classic levelgen) 39393 EnegeticOcto the Severer (level 13, 43/120 HPs)
             Began as a Deep Dwarf Fighter on Aug 27, 2020.
             Was a High Priest of Makhleb.
             Quit the game on level 3 of the Dungeon.
             The game lasted 00:11:11 (10813 turns).

EnegeticOcto the Severer (Deep Dwarf Fighter)      Turns: 10813, Time: 00:11:11

Health: 43/120     AC: 18    Str: 24    XL:     13   Next: 69%
Magic:  0/0        EV:  7    Int: 10    God:    Makhleb [*****.]
Gold:   1720       SH: 12    Dex: 12    Spells: 12/12 levels left

rFire    . . .     SeeInvis .   a - +1 broad axe
rCold    + . .     Faith    .   c - +0 kite shield
rNeg     + . .     Spirit   .   F - +3 chain mail {rN+}
rPois    +         Reflect  .   (no helmet)
rElec    .         Harm     .   r - +1 cloak
rCorr    .                      (no gloves)
MR       +....                  m - +0 pair of boots
Stlth    ..........             (no amulet)
HPRegen  0.00/turn              q - ring of poison resistance
MPRegen  0.07/turn              v - ring of protection from cold

@: non-regenerating
A: damage resistance, heal wounds, sense surroundings 2, no regeneration
a: Heal Wounds, Minor Destruction, Lesser Servant of Makhleb, Major Destruction,
Greater Servant of Makhleb, Renounce Religion


You were on level 3 of the Dungeon.
You worshipped Makhleb.
Makhleb was extremely pleased with you.
You visited 3 branches of the dungeon, and saw 15 of its levels.
You also visited: Ice Cave.

You collected 1720 gold pieces.

Inventory:

Hand Weapons
 a - a +1 broad axe (weapon)
Armour
 b - a +0 scale mail
 c - a +0 kite shield (worn)
 m - a +0 pair of boots (worn)
 r - a +1 cloak (worn)
 B - a +0 chain mail
 F - a +3 chain mail of positive energy (worn)
Jewellery
 i - an uncursed ring of wizardry {unknown}
 q - a ring of poison resistance (left hand)
 v - a ring of protection from cold (right hand)
 y - an uncursed ring of see invisible {unknown}
Wands
 h - a wand of paralysis (7)
 w - a wand of polymorph (16)
Scrolls
 e - 2 scrolls of teleportation {@r3}
 g - 3 scrolls of immolation {@r4}
 k - 3 scrolls of fear
 n - 2 scrolls of magic mapping {@r5}
 p - 5 scrolls of fog
 s - 9 scrolls of remove curse {@r2}
 z - a scroll of identify {@r1}
 A - a scroll of enchant weapon
Potions
 d - 6 potions of might {@q3}
 f - 7 potions of mutation
 j - a potion of resistance {@q6}
 l - 8 potions of curing {@q1}
 o - 4 potions of stabbing {@q5}
 t - 4 potions of flight
 u - 3 potions of heal wounds {@q2}
 x - a potion of cancellation
 C - a potion of invisibility {unknown}
 D - a potion of magic {unknown}
 E - a potion of haste {unknown}


   Skills:
 + Level 8.8 Fighting
 * Level 17.3 Axes
 + Level 10.4 Armour
 + Level 10.3 Shields
 * Level 10.8 Invocations


You had 12 spell levels left.
You didn't know any spells.
Your spell library was empty.

Dungeon Overview and Level Annotations

Branches:
Dungeon (12/15)            Temple (1/1) D:5            Lair (0/6) D:8
    Orc (2/2) D:11            Elf (0/3) Orc:2         IceCv (visited)

Altars:
Ashenzari
Cheibriados
Dithmenos
Elyvilon
Fedhas
Gozag
Hepliaklqana
Kikubaaqudgha
Makhleb
Nemelex Xobeh
Qazlal
Ru
Sif Muna
Uskayaw
Vehumet
Wu Jian
Yredelemnul
The Shining One
Beogh

Shops:
D:4 *   D:5 :   D:7 [![[   D:8 =   D:9 [   Orc:2 ([?


Innate Abilities, Weirdness & Mutations

You are resistant to damage.
You can heal yourself by infusing magical energy.
You passively map the area around you.
You do not regenerate.


Message History

Unknown command.
Unknown command.
Unknown command.
Unknown command.
Unknown command.
Unknown command.
Unknown command.
Unknown command.
Unknown command.
Unknown command.
A rat is nearby!
A rat is nearby!
A rat is nearby!
Unknown command.
Unknown command.
Unknown command.
Unknown command.
Unknown command.
Unknown command.
Unknown command.
Unknown command.
Unknown command.
Unknown command.
Unknown command.
Unknown command.
Unknown command.
The rat bites you but does no damage. The rat bites you but does no damage.
You closely miss the rat. You hit the rat.
You kill the rat!
Makhleb accepts your kill.
You feel better.
You see here a rat corpse.
t - 4 potions of flight (gained 1)
You now have 1695 gold pieces (gained 11).
You open the door.
There is an open door here.
You open the door.
There is an open door here.
You now have 1700 gold pieces (gained 5).
Found a stone staircase leading down.
Found 20 stones.
D - a blue potion You are a level 13 Deep Dwarf Fighter.
You are 69% of the way to level 14.
Play time: 00:10:57 (10678 turns)
You now have 1704 gold pieces (gained 4).
You now have 1713 gold pieces (gained 9).
Found a basalt altar of Yredelemnul.
A kobold comes into view. It is wielding a -1 dagger.
The kobold shouts!
Found a leather armour.
A kobold is nearby!
Unknown command.
A kobold is nearby!
A kobold is nearby!
A kobold is nearby!
A kobold is nearby!
You are a level 13 Deep Dwarf Fighter.
You are 69% of the way to level 14.
Play time: 00:11:01 (10701 turns)
You are too injured to fight recklessly!
Found a snail-covered altar of Cheibriados.
The kobold barely misses you.
Found an opulent altar of Gozag.
You barely miss the kobold. You block the kobold's attack.
You slash the kobold!
You kill the kobold!
Makhleb accepts your kill.
You feel better.
Things that are here:
a cursed -1 dagger; a kobold corpse
Found 7 gold pieces.
There is a basalt altar of Yredelemnul here.
There is an opulent altar of Gozag here.
You now have 1720 gold pieces (gained 7).
There is a basalt altar of Yredelemnul here.
You open the door.
There is an open door here.
G - a scroll labeled EQOQEC BIRHEIN Done exploring.
Done exploring.
Done exploring.
Done exploring.
As you read the scroll labeled EQOQEC BIRHEIN, it crumbles to dust.
It is a scroll of enchant armour.
Your +0 cloak glows green for a moment.
Done exploring.
Done exploring.
(D) Dungeon (T) Temple (L) Lair (O) Orcish Mines (E) Elven Halls
Where to? (Enter - D:2, ? - help)
There is an open door here.
There is a stone staircase leading up here.
There is an open door here.
There is a stone staircase leading down here.
You climb downwards.
There is a stone staircase leading up here.
Are you sure you want to abandon this character and quit the game? (Confirm with "yes".)
Okay, then.
Are you sure you want to abandon this character and quit the game? (Confirm with "yes".)

..................####
#.....................<
#.................##### *
..................##
#....#.............######*
*
#.........#..............
......................[##
........####............#
.....##.##.....)@.......#
......#..<..#).)........#
.........................
*
..........#....<.........
*
...###...................
..........##............#
, ,
.##########..#..........#
, .* #.##.......... . *#.
#.........,


There were no monsters in sight!

Vanquished Creatures
  A frost giant (IceCv)
  Erolcha (D:10)
  3 two-headed ogres
  6 orc high priests
  3 death yaks (IceCv)
  Nergalle (Orc:1)
  Urug (Orc:1)
  2 unseen horrors
  Pikel (D:6)
  An ugly thing (D:12)
  Joseph (D:7)
  Maurice (D:11)
  2 rime drakes (D:12)
  A komodo dragon (D:12)
  A hornet (shapeshifter) (D:11)
  A hornet (D:10)
  12 polar bears (IceCv)
  6 trolls
  A hippogriff (D:7)
  A wyvern (D:8)
  35 yaks
  A wraith (D:11)
  5 humans (D:6)
  3 basilisks
  A steam dragon (D:12)
  Menkaure (D:7)
  11 wargs
  6 ice beasts
  2 porcupines (D:8)
  8 orc warriors
  A black bear (D:5)
  2 phantoms
  4 sky beasts
  An eye of draining (D:11)
  19 wolves
  2 necrophages
  14 centaurs
  5 ogres
  A lemure (D:6)
  3 crocodiles
  2 big kobolds
  4 bullfrogs
  A water moccasin skeleton (D:7)
  5 scorpions
  15 killer bees
  3 wights (D:6)
  A howler monkey (D:5)
  4 centaur zombies
  2 quasits
  3 hounds
  A jelly (D:11)
  40 orc priests
  3 centaur skeletons
  14 orc wizards
  4 iguanas
  10 worker ants
  3 hound zombies
  A hound skeleton (D:7)
  2 worker ant zombies
  4 gnolls (D:10)
  10 adders
  An ufetubus (D:5)
  2 oozes
  2 adder zombies
  2 worms (D:2)
  3 leopard geckos
  74 orcs
  3 ball pythons
  A giant cockroach (D:2)
  4 hobgoblins
  3 quokkas
  4 bats
  3 frilled lizards
  4 goblins
  13 kobolds
  2 quokka skeletons
  6 rats
431 creatures vanquished.

Vanquished Creatures (collateral kills)
  An orc high priest (Orc:1)
  An orc warrior (Orc:2)
  3 orcs (Orc:2)
5 creatures vanquished.

Vanquished Creatures (others)
  A wolf (IceCv)
  An orc wizard (D:6)
  A hound skeleton (D:9)
  9 plants
12 creatures vanquished.

Grand Total: 448 creatures vanquished

Notes
Turn   | Place    | Note
-------+----------+-------------------------------------------
     0 | D:1      | EnegeticOcto the Deep Dwarf Fighter began the quest for the
                  | Orb.
     0 | D:1      | Reached XP level 1. HP: 20/20 MP: 1/1
   181 | D:3      | Reached XP level 2. HP: 24/27 MP: 2/2
   217 | D:3      | Reached skill level 3 in Axes
   227 | D:3      | Reached XP level 3. HP: 25/34 MP: 3/3
   300 | D:4      | Noticed an ogre
   310 | D:4      | Killed an ogre
   310 | D:4      | Reached XP level 4. HP: 25/42 MP: 4/4
   365 | D:4      | Noticed a phantom
   370 | D:4      | Reached skill level 4 in Axes
   370 | D:4      | Reached XP level 5. HP: 36/49 MP: 4/4
   442 | D:4      | Killed a phantom
   484 | D:4      | Reached XP level 6. HP: 56/56 MP: 3/3
   533 | D:4      | Reached skill level 5 in Axes
   546 | D:4      | Found a sparkling altar of Nemelex Xobeh.
   954 | D:4      | Reached XP level 7. HP: 45/64 MP: 4/4
  1109 | D:4      | Found Ziutebuf's Elemental Accessories.
  1471 | D:5      | Entered Level 5 of the Dungeon
  1610 | D:5      | Found Ruuxeche's Book Shop.
  1615 | D:5      | Reached skill level 5 in Armour
  1710 | D:5      | Found a staircase to the Ecumenical Temple.
  1811 | Temple   | Entered the Ecumenical Temple
  1840 | Temple   | Became a worshipper of Makhleb the Destroyer
  1987 | D:5      | Reached skill level 6 in Axes
  1987 | D:5      | Reached skill level 5 in Shields
  2103 | D:5      | Reached skill level 1 in Invocations
  2297 | D:6      | Noticed a human
  2297 | D:6      | Noticed a human
  2300 | D:6      | Noticed a human
  2304 | D:6      | Noticed a human
  2310 | D:6      | Killed a human
  2322 | D:6      | Killed a human
  2322 | D:6      | Reached XP level 8. HP: 38/73 MP: 5/5
  2353 | D:6      | Reached skill level 7 in Axes
  2413 | D:6      | Found a shimmering blue altar of Sif Muna.
  2494 | D:6      | Reached skill level 5 in Fighting
  2710 | D:6      | Noticed Pikel
  2722 | D:6      | Killed Pikel
  2722 | D:6      | Reached skill level 8 in Axes
  2722 | D:6      | Gained mutation: You passively map the area around you.
                  | [Deep Dwarf growth]
  2722 | D:6      | Reached XP level 9. HP: 55/81 MP: 5/7
  2890 | D:6      | Found an ancient bone altar of Kikubaaqudgha.
  3161 | D:6      | Reached skill level 14 in Axes
  3161 | D:6      | Reached XP level 10. HP: 76/88 MP: 7/7
  3261 | D:7      | Found Raefim's Antique Armour Emporium.
  3263 | D:7      | Reached * piety under Makhleb
  3270 | D:7      | Found Ikheul's Armour Shop.
  3335 | D:7      | Found Ruda's Distillery.
  3356 | D:7      | Noticed Joseph
  3376 | D:7      | Killed Joseph
  3376 | D:7      | Reached skill level 5 in Invocations
  3409 | D:7      | Found a sacrificial altar of Ru.
  3485 | D:7      | Found Qekoaw's Armour Boutique.
  3486 | D:7      | Noticed Menkaure
  3497 | D:7      | Killed Menkaure
  3607 | D:8      | Found a staircase to the Lair.
  3777 | D:8      | Found Atiryob's Jewellery Boutique.
  4544 | D:9      | Reached XP level 11. HP: 72/97 MP: 5/5
  4591 | D:9      | Reached ** piety under Makhleb
  4834 | D:9      | Noticed a centaur warrior
  4834 | D:9      | Noticed a tengu warrior
  4834 | D:9      | Noticed a death knight
  4834 | D:9      | Noticed a skeletal warrior
  4952 | D:9      | Noticed a tengu warrior
  5064 | D:9      | Found Arogoij's Armour Emporium.
  5126 | D:10     | Entered Level 10 of the Dungeon
  5126 | D:10     | Noticed a two-headed ogre
  5138 | D:10     | Killed a two-headed ogre
  5169 | D:10     | Reached skill level 15 in Axes
  5239 | D:10     | Killed an unseen horror
  5270 | D:10     | Noticed Erolcha
  5278 | D:10     | Killed Erolcha
  5498 | D:10     | Reached *** piety under Makhleb
  5885 | D:11     | Noticed a two-headed ogre
  5918 | D:11     | Killed a two-headed ogre
  6173 | D:11     | Noticed a two-headed ogre
  6181 | D:11     | Killed a two-headed ogre
  6181 | D:11     | Reached XP level 12. HP: 71/109 MP: 3/3
  6455 | D:11     | Identified the +1 falchion of the Undead {venom, *Noise
                  | +Blink Str+6}
  6572 | D:11     | Found a staircase to the Orcish Mines.
  6650 | D:11     | Noticed Maurice
  6664 | D:11     | Killed Maurice
  6949 | D:12     | Found a frozen archway.
  6952 | D:12     | Reached **** piety under Makhleb
  6964 | IceCv    | Entered an ice cave
  6985 | IceCv    | Reached skill level 16 in Axes
  7340 | IceCv    | Noticed a death yak
  7340 | IceCv    | Noticed a death yak
  7360 | IceCv    | Killed a death yak
  7374 | IceCv    | Killed a death yak
  7393 | IceCv    | Reached ***** piety under Makhleb
  7455 | IceCv    | Noticed a frost giant
  7455 | IceCv    | Noticed a death yak
  7458 | IceCv    | Killed a death yak
  7458 | IceCv    | Reached XP level 13. HP: 117/117 MP: 5/5
  7462 | IceCv    | Killed a frost giant
  8071 | Orc:1    | Entered Level 1 of the Orcish Mines
  8311 | D:11     | Reached skill level 10 in Invocations
  8387 | Orc:1    | Reached skill level 10 in Armour
  8505 | Orc:1    | Noticed Urug
  8522 | Orc:1    | Killed Urug
  8522 | Orc:1    | Reached skill level 17 in Axes
  8767 | Orc:1    | Noticed Nergalle
  8786 | Orc:1    | Killed Nergalle
  8786 | Orc:1    | Reached skill level 10 in Shields
  8879 | Orc:2    | Entered Level 2 of the Orcish Mines
  9296 | Orc:2    | Found Mygesk's Armour Shop.
  9296 | Orc:2    | Found Yseneh's Magic Scroll Shoppe.
  9395 | Orc:2    | Found a roughly hewn altar of Beogh.
  9428 | Orc:2    | Found a staircase to the Elven Halls.
  9669 | Orc:2    | Found Locsek's Weapon Shop.
 10699 | D:2      | Found a basalt altar of Yredelemnul.
 10702 | D:2      | Found a snail-covered altar of Cheibriados.
 10703 | D:2      | Found an opulent altar of Gozag.
 10813 | D:3      | Quit the game

Illustrated notes

Levels and vault maps discovered:
D:1:      minmay_arrival_four_loops, layout_basic
D:2:      layout_basic, grunt_temple_overflow_open, serial_glass,
          glass_columns_a, glass_columns_a, due_unseen_surprise,
          kennysheep_flooded_box, chequers_garden
D:3:      layout_rooms, portal_sewer_entry_d
D:4:      layout_loops_ring, kennysheep_mini_moat, nicolae_elemental_shop,
          patterned_corridor
D:5:      black_bear_nest_2, layout_basic, temple_pool_b, serial_shops, shop,
          serial_bayou_pond_a
D:6:      layout_loops_corners, led_sif_pool, kiku_gazebo_pond_becter,
          minmay_ruffians, uniq_pikel
D:7:      layout_rooms, lemuel_crystal_altar, serial_shops,
          nicolae_shop_statue_plus, shop, shop_fountains, shop, uniq_joseph,
          uniq_menkaure
D:8:      layout_basic, minmay_lair_entry_grove, serial_shops, shop_coins,
          minmay_misc_feat_tower
D:9:      layout_rooms, serial_shops, nicolae_shop_behind_doors, minivault_12
D:10:     layout_cross, uniq_erolcha
D:11:     layout_basic, orc_0_dummy, minmay_curled_crystal, uniq_maurice
D:12:     layout_irregular_city, portal_ice_cave_rime
Temple:   regret_index_temple_waves
Orc:1:    layout_diamond_mine, mines5_lemuel, uniq_nergalle, uniq_urug
Orc:2:    st_orc_town, layout_caves, special_room

Skill      XL: |  1  2  3  4  5  6  7  8  9 10 11 12 13 |
---------------+----------------------------------------+-----
Axes           | 3 4 5 6 8 14 15 16 17 | 17.3
Fighting       | 3 4 5 6 7 8 |  8.8
Shields        | 4 5 6 7 8 9 10 | 10.3
Armour         | 4 5 6 7 8 9 10 | 10.4
Invocations    | 2 4 5 7 9 10 | 10.8

Action                   |  1- 3 |  4- 6 |  7- 9 | 10-12 | 13-15 || total
-------------------------+-------+-------+-------+-------+-------++-------
Melee: War axe           |    63 |   116 |    11 |       |       ||   190
       Broad axe         |       |       |   238 |   943 |   406 ||  1587
Invok: Lesser Servant of |       |       |       |       |     4 ||     4
 Abil: Heal Wounds       |     2 |     6 |     9 |    27 |    20 ||    64
Evoke: Wand              |       |       |       |    12 |    16 ||    28
  Use: Scroll            |       |       |    14 |     8 |     4 ||    26
       Potion            |       |       |     1 |       |       ||     1
Armor: Scale mail        |    20 |    37 |    95 |   125 |       ||   277
       Chain mail        |       |       |       |   157 |   182 ||   339
Dodge: Dodged            |    25 |    24 |    53 |   204 |   109 ||   415
Block: Kite shield       |    32 |    51 |   112 |   480 |   298 ||   973

Table legend: (Time is in decaauts)
 A = Elapsed time spent in this place.
 B = Non-inter-level travel time spent in this place.
 C = Inter-level travel time spent in this place.
 D = Time resting spent in this place.
 E = Time spent auto-exploring this place.
 F = Levels seen in this place.
 G = Mean time per level.
                   A        B        C        D        E       F      G
               +--------+--------+--------+--------+--------+-----+--------+
         Total |  10795 |  10076 |    719 |    547 |   6494 |  16 |  674.7 |
       Dungeon |   8620 |   8033 |    587 |    200 |   5643 |  12 |  718.3 |
        Temple |     56 |     30 |     26 |      0 |     27 |   1 |   56.0 |
  Orcish Mines |   1526 |   1420 |    106 |    247 |    658 |   2 |  763.0 |
      Ice Cave |    591 |    591 |      0 |    100 |    165 |   1 |  591.0 |
               +--------+--------+--------+--------+--------+-----+--------+

Top non-repeatable levels by time:
     D:4: 1227 daAuts
    D:11: 1175 daAuts
     D:6: 1098 daAuts
     D:8: 928 daAuts
   Orc:1: 795 daAuts
     D:2: 750 daAuts
    D:10: 745 daAuts
   Orc:2: 731 daAuts
     D:5: 704 daAuts
    D:12: 678 daAuts
     D:9: 630 daAuts
   IceCv: 591 daAuts
     D:7: 410 daAuts
     D:3: 153 daAuts
     D:1: 116 daAuts
